 Dungeon Crawl Stone Soup version 0.29-a0-338-g1ff7896281 (webtiles) character file.

Game seed: 7723965188711308167

8117 bande the Cleaver (level 11, -2/67 HPs)
             Began as a Gargoyle Fighter on Apr 19, 2022.
             Was an Elder of Okawaru.
             Slain by a komodo dragon (23 damage)
             ... on level 10 of the Dungeon.
             The game lasted 00:20:24 (9045 turns).

bande the Cleaver (Gargoyle Fighter)                Turns: 9045, Time: 00:20:25

Health: -2/67      AC: 21    Str: 21    XL:     11   Next: 25%
Magic:  14/14      EV: 10    Int:  8    God:    Okawaru [****..]
Gold:   592        SH: 10    Dex: 13    Spells: 10/10 levels left

rFire   . . .      SeeInvis .   a - +1 war axe (vamp)
rCold   . . .      Faith    .   f - +0 kite shield
rNeg    + + .      Spirit   .   e - +0 chain mail
rPois   ∞          Reflect  .   k - +0 helmet
rElec   +          Harm     .   C - +0 cloak
rCorr   .          Rampage  .   (no gloves)
Will    .....                   (no boots)
Stlth   ..........              s - amulet of regeneration
HPRegen 1.01/turn               n - ring of positive energy
MPRegen 0.14/turn               D - +4 ring of evasion

@: no status effects
A: sickness immunity, AC +8, negative energy resistance 1, electricity
resistance, torment resistance 1, petrification resistance
a: Renounce Religion, Heroism, Finesse


You were on level 10 of the Dungeon.
You worshipped Okawaru.
Okawaru was greatly pleased with you.
You visited 2 branches of the dungeon, and saw 11 of its levels.

You collected 592 gold pieces.

Inventory:

Hand Weapons
 a - a +1 vampiric war axe (weapon)
 q - a +0 broad axe of freezing
 G - a +4 war axe
 I - a +2 flail of protection
Armour
 e - a +0 chain mail (worn)
 f - a +0 kite shield (worn)
 k - a +0 helmet (worn)
 C - a +0 cloak (worn)
Jewellery
 j - an amulet of guardian spirit
 l - a ring of fire
 n - a ring of positive energy (left hand)
 s - an amulet of regeneration (around neck)
 D - a +4 ring of evasion (right hand)
 H - a ring of protection from fire
Wands
 o - a wand of iceblast (9)
 w - a wand of flame (21)
 F - a wand of paralysis (8)
Scrolls
 c - a scroll of identify
 g - 7 scrolls of teleportation
 y - 2 scrolls of fog
 z - 2 scrolls of fear
 A - 2 scrolls of amnesia
 E - a scroll of enchant weapon
Potions
 b - 2 potions of curing
 d - a potion of might
 h - 3 potions of invisibility
 i - a potion of heal wounds {unknown}
 m - a potion of flight {unknown}
 p - 5 potions of haste
 r - 3 potions of berserk rage {unknown}
 t - a potion of cancellation {unknown}
 u - 3 potions of magic {unknown}
 v - 2 potions of attraction {unknown}
 x - 3 potions of lignification {unknown}
 B - a potion of mutation {unknown}


   Skills:
 + Level 7.4 Fighting
 + Level 9.8 Axes
 + Level 7.8 Armour
 - Level 0.1 Stealth
 + Level 7.3 Shields
 * Level 5.2 Invocations
 * Level 6.2 Evocations


You had 10 spell levels left.
You didn't know any spells.
Your spell library contained the following spells:

 Spells                   Type           Power      Damage    Failure   Level
 Freeze                   Ice            0%         1d3       100%        1
 Frozen Ramparts          Ice            0%         1d2       100%        3
 Hailstorm                Conj/Ice       0%         3d3       100%        4


Dungeon Overview and Level Annotations

Branches:
Dungeon (10/15)            Temple (1/1) D:4
   Lair: D:8-11         Orc: D:9-12

Altars:
Ashenzari
Cheibriados
Dithmenos
Elyvilon
Gozag
Hepliaklqana
Kikubaaqudgha
Makhleb
Nemelex Xobeh
Okawaru
Qazlal
Sif Muna
Trog
Uskayaw
Vehumet
Wu Jian
Yredelemnul
Zin
The Shining One

Shops:
D:1 [   D:9 =

Annotations:
D:6 2 transporters, SirDiesAlot's ghost, novice MiFi


Innate Abilities, Weirdness & Mutations

You are immune to sickness and miasma.
Your stone body is resilient. (AC +8)
You are immune to poison.
You resist negative energy. (rN+)
You are resistant to electric shocks. (rElec)
You are resistant to unholy torment.
You are immune to petrification.


Message History

The orc hits you with a +0 flail! The komodo dragon closely misses you.
Unknown command.
You hit something.
You feel better. Okawaru accepts your kill.
Reactivating autopickup.
You feel a bit more experienced.
You barely miss the orc. You hit the orc warrior.
You feel better.
You hit the komodo dragon but do no damage.
You block the orc warrior's attack. The orc closely misses you.
The komodo dragon bites you! The orc barely misses you.
The orc warrior hits you with a +0 scimitar.
The orc attacks as you move away! The orc hits you but does no damage.
The komodo dragon barely misses you. You block the orc warrior's attack.
You slash the orc warrior!
The orc warrior is heavily wounded.
You hit the orc.
You feel better.
You barely miss the komodo dragon. You block the komodo dragon's attack.
The orc warrior hits you but does no damage.
The orc barely misses you.
Unknown command.
You barely miss the orc warrior.
The orc warrior is heavily wounded.
You hit the komodo dragon. You hit the orc.
You kill the orc!
Okawaru accepts your kill. You block the komodo dragon's attack.
The orc warrior hits you but does no damage.
Unknown command.
You barely miss the orc warrior.
The orc warrior is heavily wounded.
You barely miss the komodo dragon. The komodo dragon bites you.
The orc warrior hits you with a +0 scimitar!
* * * LOW HITPOINT WARNING * * *
You block the komodo dragon's attack.
You closely miss the orc warrior.
The orc warrior is heavily wounded.
You hit the komodo dragon.
You feel better.
The orc warrior hits you with a +0 scimitar.
The komodo dragon bites you!!
You die...

+# .# .# .# .####
....####################
....#.........))........
....#..#....[..)).......
))).#..#.......l@o......
))..........)...........
....#.........##........
....#...................
....#...................
....####################
#####


You could see a komodo dragon and an orc warrior.

Vanquished Creatures
  A two-headed ogre (D:8)
  2 hornets (D:7)
  Grinder (D:5)
  A wyvern (D:9)
  21 yaks
  2 steam dragons
  3 water moccasins (D:7)
  Duvessa (D:7)
  5 orc warriors
  3 ice beasts
  2 sky beasts
  2 centaurs
  A kobold brigand (D:9)
  3 bullfrogs
  2 necrophages
  2 scorpions
  8 wights
  Dowan (D:7)
  4 killer bees (D:9)
  A howler monkey (D:10)
  3 orc priests
  5 hounds
  2 jellies
  Crazy Yiuf (D:6)
  5 orc wizards
  4 iguanas
  Robin (D:2)
  10 adders
  3 white imps
  2 ufetubi
  2 adder skeletons (D:3)
  An adder zombie (D:3)
  A worm (D:2)
  2 dart slugs
  28 orcs
  4 endoplasms
  4 giant cockroaches
  23 goblins
  9 hobgoblins
  5 quokkas
  4 ball pythons
  2 ball python zombies (D:3)
  3 bats
  6 frilled lizards
  A jackal skeleton (D:3)
  14 kobolds
  7 rats
218 creatures vanquished.

Vanquished Creatures (others)
  6 plants (D:6)
  A withered plant (D:3)
7 creatures vanquished.

Grand Total: 225 creatures vanquished

Notes
Turn   | Place    | Note
-------+----------+-------------------------------------------
     0 | D:1      | bande the Gargoyle Fighter began the quest for the Orb.
     0 | D:1      | Reached XP level 1. HP: 14/14 MP: 1/1
   101 | D:1      | Reached XP level 2. HP: 11/19 MP: 2/2
   363 | D:1      | Found a faded altar of an unknown god.
   430 | D:1      | Reached skill level 2 in Axes
   613 | D:1      | Reached XP level 3. HP: 23/23 MP: 3/3
   754 | D:1      | Found Muvy's Antique Armour Shop.
  1202 | D:2      | Reached skill level 3 in Axes
  1211 | D:2      | Noticed Robin
  1221 | D:2      | Reached XP level 4. HP: 28/28 MP: 4/4
  1227 | D:2      | Killed Robin
  1708 | D:3      | Found a shimmering blue altar of Sif Muna.
  1997 | D:3      | Reached XP level 5. HP: 33/33 MP: 5/5
  2427 | D:4      | Reached skill level 4 in Axes
  2427 | D:4      | Reached XP level 6. HP: 27/38 MP: 6/6
  2549 | D:4      | Reached skill level 1 in Evocations
  2571 | D:4      | Found a staircase to the Ecumenical Temple.
  2590 | Temple   | Entered the Ecumenical Temple
  2971 | D:4      | Found a basalt altar of Yredelemnul.
  3193 | D:4      | You fall into a shaft and drop 3 floors!
  3232 | D:7      | Noticed an ice beast
  3233 | D:7      | Noticed a water moccasin
  3255 | D:7      | Killed an ice beast
  3256 | D:7      | Reached XP level 7. HP: 29/44 MP: 4/7
  3717 | D:5      | Entered Level 5 of the Dungeon
  3778 | D:5      | Reached skill level 5 in Axes
  4524 | D:5      | Reached XP level 8. HP: 47/48 MP: 8/8
  4621 | D:5      | Reached skill level 5 in Fighting
  4621 | D:5      | Reached skill level 5 in Armour
  4621 | D:5      | Reached skill level 5 in Shields
  4674 | D:5      | Noticed Grinder
  4679 | D:5      | Paralysed by Grinder for 4 turns
  4686 | D:5      | Paralysed by Grinder for 5 turns
  4694 | D:5      | Paralysed by Grinder for 4 turns
  4830 | D:5      | Found a glowing silver altar of Zin.
  4831 | D:5      | Found a glowing golden altar of the Shining One.
  4831 | D:5      | Found a white marble altar of Elyvilon.
  5129 | D:5      | Killed Grinder
  5130 | D:5      | Reached skill level 6 in Axes
  5176 | D:6      | Found a runed translucent door.
  5177 | D:6      | Noticed Crazy Yiuf
  5330 | D:6      | Found a transporter.
  5336 | D:6      | Found a transporter.
  5686 | D:6      | Noticed SirDiesAlot's ghost (novice MiFi)
  5696 | D:6      | Identified the ring "Umiv Pah" {Str+7 SInv}
  5811 | D:6      | Killed Crazy Yiuf
  6000 | D:7      | Reached skill level 7 in Axes
  6000 | D:7      | Reached XP level 9. HP: 48/54 MP: 9/9
  6121 | D:7      | Found an iron altar of Okawaru.
  6131 | D:7      | Noticed Duvessa
  6131 | D:7      | Noticed Dowan
  6131 | D:7      | Noticed a hornet
  6145 | D:7      | Killed Duvessa
  6149 | D:7      | Killed a hornet
  6158 | D:7      | Killed Dowan
  6165 | D:7      | Noticed a hornet
  6166 | D:7      | Became a worshipper of Warmaster Okawaru
  6184 | D:7      | Killed a hornet
  6250 | D:7      | Reached skill level 1 in Invocations
  6882 | D:8      | Reached skill level 8 in Axes
  7076 | D:8      | Reached * piety under Okawaru
  7114 | D:8      | Reached XP level 10. HP: 59/60 MP: 11/11
  7143 | D:8      | Found a sparkling altar of Nemelex Xobeh.
  7224 | D:8      | Found an opulent altar of Gozag.
  7450 | D:8      | Reached skill level 5 in Evocations
  7590 | D:8      | Noticed a two-headed ogre
  7605 | D:8      | Killed a two-headed ogre
  7605 | D:8      | Reached ** piety under Okawaru
  7945 | D:8      | Reached skill level 9 in Axes
  8019 | D:9      | Reached *** piety under Okawaru
  8057 | D:9      | Reached XP level 11. HP: 64/67 MP: 14/14
  8171 | D:9      | Reached **** piety under Okawaru
  8215 | D:9      | Found Xakagh's Jewellery Shoppe.
  8610 | D:9      | Reached skill level 5 in Invocations
  8938 | D:10     | Entered Level 10 of the Dungeon
  8959 | D:10     | Found a bloodstained altar of Trog.
  8961 | D:10     | Found a stormy altar of Qazlal.
  9045 | D:10     | Slain by a komodo dragon

Illustrated notes

Levels and vault maps discovered:
D:1:      dpeg_arrival_ternary, layout_loops_ring,
          shapermc_ecumenical_altar_mp_vishouse, serial_shops, shop
D:2:      layout_rooms, minmay_misc_feat_iff, chequers_garden, uniq_robin
D:3:      layout_rooms, mainiacjoe_overflow_six_doors_small, serial_undead,
          serial_undead_c, serial_undead_e, serial_undead_c, serial_undead_a,
          chequers_serial_rivers_marsh
D:4:      layout_basic, lemuel_round_altar, temple_statues, feat_on_display
D:5:      layout_loops_ring, dreamdust_divine_triumvirate, uniq_grinder
D:6:      layout_basic, gammafunk_ghost_gnarly_gnolls, hangedman_decor_lopped,
          uniq_crazy_yiuf_cottage
D:7:      layout_loops_corners, mainiacjoe_overflow_cross_hatched,
          serial_rivers, chequers_serial_rivers_marsh,
          chequers_serial_rivers_room_b, chequers_serial_rivers_small_b,
          chequers_serial_rivers_micro_e, uniq_duvessa
D:8:      layout_basic, nemelex_spade_bored_becter, kennysheep_mini
D:9:      layout_loops_ring, kennysheep_windowed_goal
D:10:     layout_irregular_city, nicolae_overflow_hidden_temple,
          dpeg_lair_monsters, erik_orc_1, nrook_mini_vaults,
          kennysheep_nondescript
Temple:   compressed_dpeg_triangle_lava_temple

Skill      XL: |  1  2  3  4  5  6  7  8  9 10 11 |
---------------+----------------------------------+-----
Axes           | 2 3 4 5 7 8 9 |  9.8
Fighting       | 4 5 6 7 |  7.4
Armour         | 4 5 6 7 |  7.8
Shields        | 4 5 6 7 |  7.3
Evocations     | 1 2 3 4 5 6 |  6.2
Invocations    | 2 4 5 |  5.2
Stealth        | |  0.1

Action                   |  1- 3 |  4- 6 |  7- 9 | 10-12 || total
-------------------------+-------+-------+-------+-------++-------
Melee: War axe           |   100 |   181 |   327 |   328 ||   936
  Use: Scroll            |       |     7 |     7 |     1 ||    15
       Potion            |       |       |       |     1 ||     1
Armor: Scale mail        |     7 |       |       |       ||     7
       Chain mail        |    56 |   139 |   233 |   145 ||   573
Dodge: Dodged            |    40 |    59 |   102 |   141 ||   342
Block: Buckler           |    12 |     5 |       |       ||    17
       Kite shield       |       |    72 |   180 |   178 ||   430

Table legend: (Time is in decaauts)
 A = Elapsed time spent in this place.
 B = Non-inter-level travel time spent in this place.
 C = Inter-level travel time spent in this place.
 D = Time resting spent in this place.
 E = Time spent auto-exploring this place.
 F = Levels seen in this place.
 G = Mean time per level.
                   A        B        C        D        E       F      G
               +--------+--------+--------+--------+--------+-----+--------+
         Total |   9325 |   9106 |    219 |    663 |   6059 |  11 |  847.7 |
       Dungeon |   8991 |   8772 |    219 |    663 |   5777 |  10 |  899.1 |
        Temple |    333 |    333 |      0 |      0 |    282 |   1 |  333.0 |
               +--------+--------+--------+--------+--------+-----+--------+

Top non-repeatable levels by time:
     D:7: 1280 daAuts
     D:8: 1197 daAuts
     D:4: 1072 daAuts
     D:1: 1050 daAuts
     D:9: 1019 daAuts
     D:6: 971 daAuts
     D:5: 847 daAuts
     D:2: 818 daAuts
     D:3: 621 daAuts
  Temple: 333 daAuts
    D:10: 112 daAuts
